 Dungeon Crawl Stone Soup version 0.31.0-12-g77e489cdc1 (webtiles) character file.

Game seed: 2695257936024754667

19285 jimonade the Cleaver (level 12, 0/112 HPs)
             Began as a Hill Orc Monk on Mar 1, 2024.
             Was a Follower of Uskayaw.
             Killed from afar by a gargoyle (3 damage)
             ... with a stone arrow
             ... on level 11 of the Dungeon.
             The game lasted 00:44:57 (11289 turns).

jimonade the Cleaver (Hill Orc Monk)               Turns: 11289, Time: 00:44:58

Health: 0/112      AC: 18    Str: 19    XL:     12   Next: 67%
Magic:  22/22      EV:  9    Int: 10    God:    Uskayaw [*.....]
Gold:   879        SH:  0    Dex: 13    Spells: 11/11 levels left

rFire   + . .        a - +1 hand axe (elec)
rCold   + . .        w - +0 kite shield
rNeg    . . .        e - +4 scale mail {Will+}
rPois   .            m - +0 helmet
rElec   .            u - scarf {rC+ rF+}
rCorr   .            (no gloves)
SInv    .            (no boots)
Will    +....        B - amulet of regeneration Stlth
                     y - +4 ring of protection
HPRegen 1.18/turn    D - ring of flight
MPRegen 0.18/turn

%: no passive effects
@: confused, ambrosia-drunk, flying
A: no striking features
a: Renounce Religion, Stomp


You were on level 11 of the Dungeon.
You worshipped Uskayaw.
Uskayaw was pleased with you.
You visited 3 branches of the dungeon, and saw 13 of its levels.
You also visited: Ossuary and Bailey.

You collected 879 gold pieces.

Inventory:

Hand Weapons
 a - a +1 hand axe of electrocution (weapon)
 n - a +0 scimitar of flaming
 o - the +9 long sword "Xim Laru" {holy, rC- rCorr Int+7 Dex-5}
   (You found it on level 8 of the Dungeon)

   Int+7:     It affects your intelligence (+7).
   Dex-5:     It affects your dexterity (-5).
   rC-:       It makes you vulnerable to cold.
   rCorr:     It protects you from acid and corrosion.
 P - a +0 war axe
Missiles
 t - 5 boomerangs
 O - 6 poisoned darts
 V - a curare-tipped dart (quivered)
 X - a throwing net
 Y - 5 javelins
Armour
 d - an orb of light
 e - a +4 scale mail of willpower (worn)
 i - +0 ice dragon scales
 m - a +0 helmet (worn)
 u - a scarf of resistance (worn)
 w - a +0 kite shield (worn)
Jewellery
 y - a +4 ring of protection (left hand)
 B - an amulet of regeneration (around neck)
 D - a ring of flight (right hand)
 Z - a +6 ring of dexterity
Wands
 q - a wand of mindburst (21)
 x - a wand of iceblast (22)
 S - a wand of digging (5)
 T - a wand of light (12)
 U - a wand of paralysis (20)
Scrolls
 f - 2 scrolls of brand weapon
 h - 4 scrolls of enchant weapon
 j - 5 scrolls of summoning
 k - 2 scrolls of amnesia
 l - a scroll of enchant armour
 p - 4 scrolls of teleportation
 s - 4 scrolls of fog
 A - a scroll of acquirement
 I - 3 scrolls of blinking
 L - a scroll of revelation {unknown}
Potions
 b - a potion of cancellation {unknown}
 c - 2 potions of ambrosia
 g - 7 potions of heal wounds {unknown}
 r - 2 potions of enlightenment {unknown}
 v - 3 potions of magic {unknown}
 z - 11 potions of curing {unknown}
 C - a potion of berserk rage {unknown}
 E - 5 potions of lignification {unknown}
 G - a potion of haste {unknown}
 H - 2 potions of resistance {unknown}
 J - 3 potions of brilliance {unknown}
 K - 3 potions of mutation {unknown}
 M - 7 potions of might {unknown}
 N - 3 potions of degeneration {unknown}
 R - a potion of attraction {unknown}
Miscellaneous
 Q - a tin of tremorstones (inert)


   Skills:
 + Level 11.8 Fighting
 - Level 14.0 Axes
 + Level 10.0 Armour
 + Level 3.6 Dodging
 * Level 0.9 Shields
 + Level 13.5 Invocations
 + Level 5.0 Evocations


You had 11 spell levels left.
You didn't know any spells.
Your spell library contained the following spells:

 Spells                   Type           Power      Damage    Failure   Level
 Shock                    Conj/Air       0%         1d3       95%         1
 Swiftness                Air            0%         N/A       100%        3
 Airstrike                Air            0%         2d(0-16)  100%        4


Dungeon Overview and Level Annotations

Branches:
Dungeon (11/15) Zot: 26223  Temple (1/1) D:4 Zot: 5987    Lair (1/5) D:8 Zot: 5998
    Orc (0/2) D:9         Ossuary (visited)          Bailey (visited)

Altars:
Ashenzari
Cheibriados
Dithmenos
Elyvilon
Fedhas
Gozag
Hepliaklqana
Kikubaaqudgha
Makhleb
Nemelex Xobeh
Okawaru
Qazlal
Ru
Sif Muna
Trog
Uskayaw
Vehumet
Wu Jian
Xom
Yredelemnul
Zin
The Shining One
Beogh

Shops:
D:1 (   D:10 *

Annotations:
D:7 2 transporters


Message History

You closely miss the gargoyle.
The gargoyle is lightly damaged.
The gargoyle barely misses you.
You hit the gargoyle.
The gargoyle is moderately damaged.
You block the gargoyle's attack.
You hit the gargoyle but do no damage.
The gargoyle is moderately damaged.
The gargoyle hits you with a +0 flail!
You hit the gargoyle but do no damage.
The gargoyle is moderately damaged.
You completely miss the gargoyle.
The gargoyle is moderately damaged.
The gargoyle barely misses you.
You barely miss the gargoyle.
The gargoyle is moderately damaged.
The gargoyle hurls a stone arrow at you.
The stone arrow misses you.
You barely miss the gargoyle.
The gargoyle is moderately damaged.
The gargoyle hits you with a +0 flail!
You hit the gargoyle.
The gargoyle is heavily damaged.
You barely miss the gargoyle.
The gargoyle is heavily damaged.
The gargoyle barely misses you.
You hit the gargoyle but do no damage.
The gargoyle is heavily damaged.
The gargoyle hits you with a +0 flail!
You hit the gargoyle.
The gargoyle is heavily damaged.
The gargoyle hits you with a +0 flail!
You hit the gargoyle but do no damage.
The gargoyle is heavily damaged.
You hit the gargoyle but do no damage.
The gargoyle is heavily damaged.
The gargoyle hits you with a +0 flail!
You hit the gargoyle but do no damage.
The gargoyle is heavily damaged.
The gargoyle hurls a stone arrow at you.
You block the stone arrow.
You closely miss the gargoyle.
The gargoyle is heavily damaged.
The gargoyle hurls a stone arrow at you.
The stone arrow hits you.
* * * LOW HITPOINT WARNING * * *
You hit the gargoyle.
The gargoyle is heavily damaged.
The gargoyle hits you with a +0 flail!
* * * LOW HITPOINT WARNING * * *
You hit the gargoyle but do no damage.
The gargoyle is heavily damaged.
You hit the gargoyle.
The gargoyle is heavily damaged.
The gargoyle hurls a stone arrow at you.
The stone arrow misses you.
You hit the gargoyle but do no damage.
The gargoyle is heavily damaged.
The gargoyle hits you with a +0 flail!
* * * LOW HITPOINT WARNING * * *
You hit the gargoyle but do no damage.
The gargoyle is heavily damaged.
You block the gargoyle's attack.
You hit the gargoyle but do no damage.
The gargoyle is heavily damaged.
You hit the gargoyle but do no damage.
The gargoyle is heavily damaged.
The gargoyle hurls a stone arrow at you.
The stone arrow hits you!
* * * LOW HITPOINT WARNING * * *
You hit the gargoyle but do no damage.
The gargoyle is heavily damaged.
The gargoyle hits you with a +0 flail.
* * * LOW HITPOINT WARNING * * *
You hit the gargoyle but do no damage.
The gargoyle is heavily damaged.
Aiming: Mindburst
Press: ? - help, Shift-Dir - straight line, f - gargoyle
Aim: a gargoyle, wielding a +0 flail (heavily damaged, chance to affect: 67%)
Okay, then.
Unknown command.
The tremorstone explodes into fragments!
The burst of rock shards engulfs you but does no damage.
The tin is emptied!
The gargoyle hits you with a +0 flail!
* * * LOW HITPOINT WARNING * * *
You hit the gargoyle but do no damage.
The gargoyle is heavily damaged.
The gargoyle hurls a stone arrow at you.
You block the stone arrow.
You are confused.
You feel invigorated.
A centaur comes into view.
The gargoyle hits you with a +0 flail!
* * * LOW HITPOINT WARNING * * *
The centaur wields a +0 shortbow.
The centaur shoots an arrow.
The arrow hits you.
* * * LOW HITPOINT WARNING * * *
The gargoyle hurls a stone arrow at you.
The stone arrow hits you.
You die...

#.#..≈####≈≈§§#### ##≈#...
#.#..§# ≈#### #≈##...
#..#.≈####≈§§§#### ##≈#....
##.#.≈##§####§≈≈≈###≈##...#
#..§§##....####§≈≈§§#....#
#.§.§##.()..(≈#######..(##
#.§§###..).....§.##[...(#≈
#.§§#≈#≈9....#.........##§
#..§#§#+#@#.......#§...#§#
#..§#≈#(..####.#..##..≈#≈#
##..§###...)..####....#####
#.§..§####.......######
##.#..≈# ≈#........#
#..#..≈##≈##........
#.#....### #c....##.
#.#.#### ##....# ##.#.#
.....


You could see a gargoyle and a centaur.

Vanquished Creatures
  Gastronok (D:8)
  Erolcha (D:11)
  A centaur warrior (D:11)
  Erica (D:8)
  2 two-headed ogres
  Urug (D:10)
  Amaemon (D:8)
  4 orc knights (Bailey)
  A manticore (D:10)
  Maurice (D:8)
  Joseph (D:7)
  Jeremiah (D:7)
  A komodo dragon (D:11)
  An orange demon (D:8)
  A troll (D:10)
  Grinder (D:5)
  2 vampires
  11 yaks (D:9)
  Sigmund (D:4)
  4 shadows
  A wraith (D:11)
  A wyvern (D:10)
  4 fire bats (D:11)
  Grum (D:10)
  A steam dragon (D:7)
  2 vampire mosquitoes (D:11)
  A water moccasin (D:8)
  12 orc warriors
  2 ice beasts
  A black bear (D:8)
  A sky beast (D:7)
  An ogre (D:5)
  6 centaurs
  4 wolves (D:10)
  A phantom (D:5)
  A kobold brigand (D:7)
  A weeping skull (Ossuary)
  3 bullfrogs (D:7)
  4 gnoll sergeants
  3 scorpions
  A water moccasin zombie (Ossuary)
  15 wights
  9 killer bees
  3 bombardier beetles
  4 howler monkeys
  4 hounds
  4 jellies
  8 orc priests
  3 sleepcaps
  Ijyb (D:3)
  An iguana (D:6)
  8 orc wizards
  3 crocodile zombies (Ossuary)
  2 mummies (Ossuary)
  12 gnolls
  11 adders
  A white imp (D:8)
  3 adder zombies (Ossuary)
  2 dart slugs
  2 ribbon worms
  60 orcs
  7 ball pythons
  5 bats
  11 endoplasms
  3 giant cockroaches
  12 gnoll zombies (Ossuary)
  7 goblins
  9 hobgoblins
  10 jackals
  13 kobolds
  A quokka (D:4)
  3 frilled lizards
  4 jackal zombies (Ossuary)
  4 orc zombies (Ossuary)
  5 rats
340 creatures vanquished.

Vanquished Creatures (collateral kills)
  A killer bee (D:8)
1 creature vanquished.

Grand Total: 341 creatures vanquished

Notes
Turn   | Place    | Note
-------+----------+-------------------------------------------
     0 | D:1      | jimonade the Hill Orc Monk began the quest for the Orb.
     0 | D:1      | Reached XP level 1. HP: 19/19 MP: 1/1
    76 | D:1      | Reached XP level 2. HP: 6/26 MP: 2/2
   277 | D:1      | Reached skill level 5 in Axes
   407 | D:1      | Reached XP level 3. HP: 26/31 MP: 3/3
   429 | D:1      | Found Qotuczeo's Antique Weapon Shop.
  1070 | D:2      | Reached skill level 1 in Armour
  1076 | D:2      | Reached XP level 4. HP: 28/40 MP: 4/4
  1386 | D:2      | Reached skill level 6 in Axes
  1798 | D:3      | Found a white marble altar of Elyvilon.
  1935 | D:3      | Noticed Ijyb
  1940 | D:3      | Reached XP level 5. HP: 39/47 MP: 5/5
  1941 | D:3      | Killed Ijyb
  1995 | D:3      | Found a blossoming altar of Fedhas.
  2827 | D:4      | Noticed Sigmund
  2830 | D:4      | Killed Sigmund
  2831 | D:4      | Reached skill level 5 in Fighting
  2831 | D:4      | Reached skill level 7 in Axes
  2831 | D:4      | Reached XP level 6. HP: 52/56 MP: 6/6
  3000 | D:4      | Found a staircase to the Ecumenical Temple.
  3003 | D:4      | Reached XP level 7. HP: 62/62 MP: 7/7
  3030 | Temple   | Entered the Ecumenical Temple
  3036 | Temple   | Became a worshipper of Uskayaw the Reveller
  3036 | Temple   | Reached * piety under Uskayaw
  3183 | D:5      | Entered Level 5 of the Dungeon
  3190 | D:5      | Reached ** piety under Uskayaw
  3196 | D:5      | Reached *** piety under Uskayaw
  3197 | D:5      | Reached skill level 1 in Invocations
  3247 | D:5      | Identified a scroll of acquirement
  3316 | D:5      | Reached skill level 8 in Axes
  3444 | D:5      | Reached XP level 8. HP: 71/71 MP: 8/10
  3675 | D:5      | Found a sand-covered staircase.
  3684 | Ossuary  | Entered an ossuary
  3694 | Ossuary  | Reached skill level 5 in Armour
  3815 | Ossuary  | Reached **** piety under Uskayaw
  3867 | D:5      | Found a shadowy altar of Dithmenos.
  4017 | D:5      | Noticed Grinder
  4024 | D:5      | Killed Grinder
  4025 | D:5      | Reached skill level 9 in Axes
  4433 | D:5      | Reached skill level 5 in Invocations
  4530 | D:6      | Reached XP level 9. HP: 78/80 MP: 12/12
  4837 | D:6      | Reached skill level 10 in Axes
  5046 | D:7      | Noticed Joseph
  5068 | D:7      | Killed Joseph
  5125 | D:7      | Reached skill level 11 in Axes
  5312 | D:7      | Found a shimmering blue altar of Sif Muna.
  5399 | D:7      | Found a transporter.
  5544 | D:7      | Found a transporter.
  5611 | D:7      | Noticed Jeremiah
  5624 | D:7      | Killed Jeremiah
  5625 | D:7      | Reached skill level 12 in Axes
  5625 | D:7      | Reached XP level 10. HP: 68/88 MP: 15/17
  6122 | D:8      | Reached skill level 10 in Invocations
  6136 | D:8      | Found a staircase to the Lair.
  6197 | D:8      | Noticed Erica
  6208 | D:8      | Killed Erica
  6209 | D:8      | Reached skill level 13 in Axes
  6261 | D:8      | Noticed Gastronok
  6281 | D:8      | Killed Gastronok
  6282 | D:8      | Reached skill level 14 in Axes
  6511 | D:8      | Noticed Maurice
  6519 | D:8      | Paralysed by something for 5 turns
  6532 | D:8      | Killed Maurice
  6676 | D:8      | Reached XP level 11. HP: 97/97 MP: 19/19
  6708 | D:8      | Identified the +9 long sword "Xim Laru" {holy, rC- rCorr
                  | Int+7 Dex-5}
  6788 | D:8      | Noticed Amaemon
  6812 | D:8      | Reached ***** piety under Uskayaw
  6813 | D:8      | Killed Amaemon
  7491 | D:9      | Noticed a two-headed ogre
  7546 | D:9      | Found a staircase to the Orcish Mines.
  7674 | D:9      | Reached skill level 10 in Fighting
  7776 | Lair:1   | Entered Level 1 of the Lair of Beasts
  7943 | D:9      | Found a flagged portal.
  7952 | Bailey   | Entered a bailey
  8201 | Bailey   | Noticed an orc knight
  8231 | Bailey   | Killed an orc knight
  8236 | Bailey   | Noticed an orc knight
  8300 | Bailey   | Killed an orc knight
  8301 | Bailey   | Reached skill level 1 in Evocations
  8342 | Bailey   | Noticed an orc knight
  8375 | Bailey   | Killed an orc knight
  8423 | Bailey   | Noticed an orc knight
  8456 | Bailey   | Killed an orc knight
  8739 | D:9      | Paralysed by a gnoll for 2 turns
  8957 | D:9      | Killed a two-headed ogre
  9315 | D:10     | Entered Level 10 of the Dungeon
  9653 | D:10     | Noticed a manticore
  9673 | D:10     | Killed a manticore
  9674 | D:10     | Reached XP level 12. HP: 53/108 MP: 21/21
  9762 | D:10     | Found a hazy altar of Hepliaklqana.
  9762 | D:10     | Found a broken altar of Ashenzari.
  9763 | D:10     | Noticed Urug
  9787 | D:10     | Killed Urug
  9914 | D:10     | Found Fuf Lyni's Mail-Order Catalogue.
  9959 | D:10     | Noticed Grum
  9971 | D:10     | Killed Grum
 10252 | D:10     | Found a roughly hewn altar of Beogh.
 10595 | D:11     | Noticed Erolcha
 10607 | D:11     | Killed Erolcha
 10609 | D:11     | Noticed a two-headed ogre
 10630 | D:11     | Killed a two-headed ogre
 10902 | D:11     | Found a broken altar of Ashenzari.
 10908 | D:11     | Noticed a centaur warrior
 10939 | D:11     | Identified the +0 glaive of Imaclufu {flame, ^Contam rElec
                  | Str+4 Int+3}
 11032 | D:11     | Killed a centaur warrior
 11188 | D:11     | Reached skill level 10 in Armour
 11222 | D:11     | Reached skill level 5 in Evocations
 11288 | D:11     | HP: 5/112 [gargoyle/+0 flail (8)]
 11289 | D:11     | Killed from afar by a gargoyle

Illustrated notes

Levels and vault maps discovered:
D:1:      dpeg_arrival_arbitrary_c, layout_loops_ring, serial_shops,
          nicolae_shop_hallway_stairs, chequers_serial_rivers_micro_b
D:2:      kennysheep_big_flooded_room, layout_loops_ring
D:3:      layout_basic, mainiacjoe_overflow_24_doors, elyvilon_altar_1,
          serial_forest, infiniplex_forest_straight_4, infiniplex_forest_end_2,
          infiniplex_forest_end_3, infiniplex_forest_clump_curved,
          infiniplex_forest_clump_tiny, infiniplex_forest_straight_2,
          infiniplex_forest_clump_C, infiniplex_forest_clump_diagonal,
          minmay_diced_spiral, uniq_ijyb
D:4:      layout_basic, temple_hall, kennysheep_generic_room_11, uniq_sigmund
D:5:      layout_loops_corners, lemuel_round_altar,
          nicolae_ossuary_entry_monument, serial_co_window_serial,
          co_window_paths_a, co_window_paths_a, co_window_paths_a,
          co_window_paths_a, co_window_corner_a, co_window_cross_1,
          co_window_paths_b, co_window_paths_c, co_window_corner_b,
          co_window_corner_ca, glass_columns_b, glass_columns_a, uniq_grinder
D:6:      layout_rooms
D:7:      gammafunk_steamed_eel, layout_layer_cave, lemuel_round_altar,
          uniq_joseph, uniq_jeremiah
D:8:      layout_loops_corners, lair_entry_dummy, uniq_erica, uniq_maurice,
          uniq_gastronok, uniq_amaemon
D:9:      layout_long_grid, orc_0_dummy, enter_bailey_6
D:10:     layout_roguey, chequers_temple_overflow_statue_of_worship,
          special_room [special_room_orc], monkooky_shop_mail_order, uniq_grum,
          uniq_urug
D:11:     regret_index_infernal_bastille, layout_basic,
          nicolae_ashenzari_skybound, uniq_erolcha
Temple:   eino_temple_rhombus
Lair:1:   layout_misc_corridors, minivault_23, serial_bayou_shore_a,
          lemuel_fruit_fields, grunt_megastairs_4

Skill      XL: |  1  2  3  4  5  6  7  8  9 10 11 12 |
---------------+-------------------------------------+-----
Axes           | 5 6 7 8 9 12 14 | 14.0
Armour         | 1 3 4 5 6 7 9 10 | 10.0
Fighting       | 4 5 6 7 8 9 10 11 | 11.8
Invocations    | 2 5 9 10 12 13 | 13.5
Evocations     | 3 5 |  5.0
Dodging        | 3 |  3.6
Shields        | |  0.9

Action                     |  1- 3 |  4- 6 |  7- 9 | 10-12 || total
---------------------------+-------+-------+-------+-------++-------
  Melee: Hand axe          |   103 |   223 |   291 |   602 ||  1219
  Throw: Dart              |       |       |       |    26 ||    26
 Invoke: Line Pass         |       |       |       |     1 ||     1
         Stomp             |       |       |       |     1 ||     1
  Evoke: Wand              |       |       |       |     9 ||     9
         Tin of tremorston |       |       |       |     2 ||     2
    Use: Scroll            |       |       |     8 |     3 ||    11
         Potion            |       |       |       |     1 ||     1
   Stab: Paralysed         |       |       |    19 |    68 ||    87
         Confused          |       |       |       |     1 ||     1
 Armour: Robe              |    31 |       |       |       ||    31
         Ice dragon scales |    46 |    78 |   164 |   222 ||   510
         Scale mail        |       |       |       |   185 ||   185
  Dodge: Dodged            |    52 |    40 |   114 |   235 ||   441
  Block: Kite shield       |       |       |       |    13 ||    13
